 Dungeon Crawl Stone Soup version 0.32-a0-128-g77eb882913 (webtiles) character file.

Game seed: 10649698960891921194

1737857 jboons the Imperceptible (level 27, 202/202 HPs)
             Began as a Felid Earth Elementalist on Feb 7, 2024.
             Was the Champion of Dithmenos.
             Escaped with the Orb
             ... and 4 runes on Feb 8, 2024!
             The game lasted 06:24:35 (123676 turns).

jboons the Imperceptible (FeEE)                   Turns: 123676, Time: 06:24:36

Health: 202/202    AC: 30    Str:  4    XL:     27
Magic:  52/52      EV: 35    Int: 44    God:    Dithmenos [******]
Gold:   5338       SH:  0    Dex: 17    Spells: 7/56 levels left
                                        Lives:  2   Deaths: 2

rFire   + . .        (weapon unavailable)
rCold   + . .        (shield unavailable)
rNeg    + . .        (body armour unavailable)
rPois   ∞            (helmet unavailable)
rElec   +            (cloak unavailable)
rCorr   .            (gloves unavailable)
SInv    +            (boots unavailable)
Will    ++++.        N - amulet of Qossoymy {RegenMP rElec Regen+ Int+3}
Stlth   ++++++       p - ring "Kiomeol" {rF+ rC+ Str+2 Int+6}
HPRegen 1.33/turn    l - ring "Colicac" {MP+9 EV+5 Int+4, =R}
MPRegen 0.73/turn

%: no passive effects
@: statue-form, wreathed by umbra, studying Stealth, very slow
A: slow and powerful, torment resistance 1, boosted hp, very small, claws 1,
fangs 3, see invisible, (shaggy fur 3), stealthy paws, no weapons or thrown
items, no armour, multi-lived, (iridescent scales 1), clumsy 1, weak 1, wild
magic 1
0: Orb of Zot
}: 4/15 runes: serpentine, barnacled, slimy, silver
a: Begin Untransformation, Renounce Religion, Shadow Step, Shadow Form


You escaped.
You worshipped Dithmenos.
Dithmenos was exalted by your worship.
You were a living statue of rough stone.
You visited 12 branches of the dungeon, and saw 56 of its levels.
You also visited: Sewer.

You collected 10160 gold pieces.
You spent 4822 gold pieces at shops.

Inventory:

Jewellery
 b - a +6 ring of dexterity
 e - a ring of flight
 l - the ring "Colicac" (right paw) {MP+9 EV+5 Int+4, =R}
   (You bought it in a shop on level 3 of the Snake Pit)

   [ring of evasion]

   EV+5:      It affects your evasion (+5).
   Int+4:     It affects your intelligence (+4).
   MP+9:      It affects your magic capacity (+9).
 p - the ring "Kiomeol" (left paw) {rF+ rC+ Str+2 Int+6}
   (You bought it in a shop on level 2 of the Orcish Mines)

   [ring of intelligence]

   Str+2:     It affects your strength (+2).
   Int+6:     It affects your intelligence (+6).
   rF+:       It protects you from fire.
   rC+:       It protects you from cold.
 F - an amulet of the acrobat
 L - the ring of Lady Luck {rElec rN+++ Will+ rCorr Dex-2}
   (You took it off a yaktaur on level 5 of the Vaults)

   [ring of willpower]

   Dex-2:     It affects your dexterity (-2).
   rElec:     It insulates you from electricity.
   rN+++:     It renders you almost immune to negative energy.
   Will+:     It increases your willpower.
   rCorr:     It protects you from acid and corrosion.
 M - a ring of protection from fire
 N - the amulet of Qossoymy (around neck) {RegenMP rElec Regen+ Int+3}
   (You acquired it on level 15 of the Dungeon)

   [amulet of magic regeneration]

   RegenMP:   It increases your rate of magic regeneration.
   Int+3:     It affects your intelligence (+3).
   rElec:     It insulates you from electricity.
   Regen+:    It increases your rate of health regeneration.
 S - a ring of protection from fire
 U - the ring of Fessaups {Wiz rN+ rCorr Int+2}
   (You found it on level 5 of the Pits of Slime)

   [ring of wizardry]

   Wiz:       It improves your spell success rate.
   Int+2:     It affects your intelligence (+2).
   rN+:       It protects you from negative energy.
   rCorr:     It protects you from acid and corrosion.
 W - a ring of poison resistance
Talismans
 T - a granite talisman (active)
Wands
 s - a wand of flame (192)
 v - a wand of charming (49)
 z - a wand of iceblast (6)
 B - a wand of polymorph (28)
 C - a wand of digging (7)
 D - a wand of mindburst (23)
Scrolls
 c - 8 scrolls of immolation
 j - 8 scrolls of teleportation
 o - 10 scrolls of vulnerability
 q - a scroll of blinking
 r - 7 scrolls of poison
 t - 5 scrolls of revelation
 w - 9 scrolls of fog
 y - 2 scrolls of butterflies
 E - 2 scrolls of amnesia
 J - 5 scrolls of torment
 O - 7 scrolls of fear
Potions
 d - 5 potions of cancellation
 f - 2 potions of invisibility
 g - a potion of heal wounds
 h - 10 potions of brilliance
 i - 17 potions of curing
 k - 6 potions of lignification
 m - 3 potions of resistance
 n - 3 potions of haste
 u - 7 potions of mutation
 A - 4 potions of attraction
 G - 5 potions of enlightenment
 I - 2 potions of berserk rage
 K - 3 potions of might
Miscellaneous
 x - a lightning rod (4/4)
 H - a phantom mirror
 P - a condenser vane


   Skills:
 - Level 20.0 Fighting
 - Level 18.0 Dodging
 + Level 23.9 Stealth
 - Level 15.0 Spellcasting
 - Level 8.0 Conjurations
 - Level 8.0 Hexes
 - Level 5.0 Translocations
 - Level 19.0 Fire Magic
 - Level 17.0 Air Magic
 - Level 10.0 Earth Magic
 - Level 8.0 Alchemy
 - Level 15.0 Invocations
 - Level 10.0 Evocations
 + Level 18.8 Shapeshifting


You had 7 spell levels left.
You knew the following spells:

 Your Spells              Type           Power      Damage    Failure   Level
a - Plasma Beam           Fire/Air       64%        2x1d80    1%          6
b - Starburst             Conj/Fire      57%        6d15      1%          6
c - Lee's Rapid Deconstr  Erth           51%        3d24*     1%          5
d - Yara's Violent Unrav  Hex/Alch       47%        3d18      1%          5
e - Ignition              Fire           65%        3d17      4%          8
f - Stone Arrow           Conj/Erth      100%       3d13      1%          3
g - Sublimation of Blood  Necr           42%        N/A       2%          2
h - Maxwell's Capacitive  Air            63%        ∞         8%          8
A - Apportation           Tloc           100%       N/A       1%          1
B - Blink                 Tloc           100%       N/A       1%          2
P - Passwall              Erth           100%       N/A       1%          3

Your spell library contained the following spells:

 Spells                   Type           Power      Damage    Failure   Level
 Foxfire                  Conj/Fire      100%       2x1d9     1%          1
 Freeze                   Ice            100%       1d10      1%          1
 Magic Dart               Conj           100%       1d8       1%          1
 Necrotise                Necr           100%       1d9       1%          1
 Sandblast                Erth           100%       2d20      1%          1
 Shock                    Conj/Air       100%       1d9       1%          1
 Slow                     Hex            100%       N/A       1%          1
 Sting                    Conj/Alch      100%       1d9       1%          1
 Summon Small Mammal      Summ           100%       N/A       1%          1
 Cigotuvi's Dreadful Rot  Necr/Alch/Air  100%       N/A       1%          2
 Ensorcelled Hibernation  Hex/Ice        100%       N/A       1%          2
 Jinxbite                 Hex            100%       N/A       1%          2
 Lesser Beckoning         Tloc           100%       N/A       1%          2
 Mercury Vapours          Alch/Air       100%       N/A       1%          2
 Scorch                   Fire           100%       2d9       1%          2
 Searing Ray              Conj           100%       2d8       1%          2
 Static Discharge         Conj/Air       100%       3-8/arc   1%          2
 Confusing Touch          Hex            94%        N/A       1%          3
 Dazzling Flash           Conj/Hex       100%       N/A       1%          3
 Gell's Gravitas          Tloc           79%        N/A       1%          3
 Hailstorm                Conj/Ice       73%        3d13      1%          3
 Inner Flame              Hex/Fire       100%       N/A       1%          3
 Mephitic Cloud           Conj/Alch/Air  100%       N/A       1%          3
 Sigil of Binding         Hex            94%        N/A       1%          3
 Swiftness                Air            100%       N/A       1%          3
 Teleport Other           Tloc           79%        N/A       1%          3
 Tukima's Dance           Hex            94%        N/A       1%          3
 Volatile Blastmotes      Fire/Tloc      100%       2d18      1%          3
 Airstrike                Air            63%        2d(9-25)  1%          4
 Brom's Barrelling Bould  Conj/Erth      98%        2d11      1%          4
 Cause Fear               Hex            47%        N/A       1%          4
 Flame Wave               Conj/Fire      100%       2d21      1%          4
 Fulminant Prism          Conj/Alch      47%        3d20      1%          4
 Ignite Poison            Fire/Alch      100%       N/A       1%          4
 Iskenderun's Mystic Bla  Conj/Tloc      87%        2d17      1%          4
 Leda's Liquefaction      Alch/Erth      49%        N/A       1%          4
 Olgreb's Toxic Radiance  Alch           94%        N/A       1%          4
 Petrify                  Alch/Erth      98%        N/A       1%          4
 Sticky Flame             Fire/Alch      100%       2d15      1%          4
 Summon Blazeheart Golem  Fire/Summ      100%       N/A       1%          4
 Summon Lightning Spire   Summ/Air       96%        N/A       1%          4
 Vhi's Electric Charge    Tloc/Air       100%       N/A       1%          4
 Alistair's Intoxication  Alch           62%        N/A       1%          5
 Arcjolt                  Conj/Air       55%        1d65      1%          5
 Fireball                 Conj/Fire      57%        3d22      1%          5
 Freezing Cloud           Conj/Ice/Air   47%        6-21      1%          5
 Irradiate                Conj/Alch      47%        3d27      1%          5
 Iskenderun's Battlesphe  Conj           94%        2d14      1%          5
 Silence                  Hex/Air        55%        N/A       1%          5
 Conjure Ball Lightning   Conj/Air       55%        3x3d20    1%          6
 Call Imp                 Summ           84%        N/A       2%          2
 Manifold Assault         Tloc           79%        N/A       2%          4
 Passage of Golubria      Tloc           79%        N/A       2%          4
 Anguish                  Hex/Necr       36%        N/A       3%          4
 Call Canine Familiar     Summ           42%        N/A       4%          3
 Frozen Ramparts          Ice            84%        1d13      4%          3
 Fugue of the Fallen      Necr           42%        N/A       4%          3
 Ozocubu's Armour         Ice            42%        N/A       4%          3
 Vampiric Draining        Necr           42%        2d9       4%          3
 Borgnjor's Vile Clutch   Necr/Erth      39%        N/A       4%          5
 Bombard                  Conj/Erth      49%        9d8       5%          6
 Metabolic Englaciation   Hex/Ice        36%        N/A       7%          5
 Eringya's Noxious Bog    Alch           47%        4d6       8%          6
 Dispel Undead            Necr           42%        3d17      12%         4
 Martyr's Knell           Necr/Summ      42%        N/A       12%         4
 Dispersal                Tloc           39%        N/A       22%         6
 Curse of Agony           Necr           42%        N/A       30%         5
 Sculpt Simulacrum        Ice/Alch       36%        N/A       32%         6
 Enfeeble                 Hex            47%        N/A       34%         7
 Orb of Destruction       Conj           47%        9d12      34%         7
 Death Channel            Necr           21%        N/A       83%         6
 Summon Cactus Giant      Summ           21%        N/A       83%         6
 Spellforged Servitor     Conj/Summ      36%        N/A       85%         7
 Malign Gateway           Summ/Tloc      32%        N/A       96%         7
 Haunt                    Necr/Summ      21%        N/A       100%        7
 Summon Hydra             Summ           21%        N/A       100%        7
 Lehudib's Crystal Spear  Conj/Erth      49%        10d12     85%         8
 Discord                  Hex            47%        N/A       93%         8
 Fire Storm               Conj/Fire      57%        8d15      98%         9
 Chain Lightning          Conj/Air       55%        3d74      99%         9
 Borgnjor's Revivificati  Necr           21%        N/A       100%        8
 Disjunction              Tloc           39%        N/A       100%        8
 Infestation              Necr           21%        N/A       100%        8
 Summon Horrible Things   Summ           21%        N/A       100%        8
 Death's Door             Necr           21%        N/A       100%        9
 Dragon's Call            Summ           21%        N/A       100%        9
 Shatter                  Erth           51%        3d39*     100%        9
 Dimensional Bullseye     Hex/Tloc       Unusable   N/A       N/A         4
 Animate Armour           Summ/Erth      Unusable   N/A       N/A         4

Dungeon Overview and Level Annotations

Branches:
Dungeon (15/15)            Temple (1/1) D:6            Lair (5/5) D:8
 Shoals (4/4) Lair:2        Snake (4/4) Lair:3        Slime (5/5) Lair:5
    Orc (2/2) D:11            Elf (3/3) Orc:2        Vaults (5/5) D:14
  Crypt (3/3) Vaults:2       Tomb (0/3) Crypt:3      Depths (4/4) D:15
    Zot (5/5) Depths:4      Sewer (visited)

Altars:
Ashenzari
Cheibriados
Dithmenos
Elyvilon
Fedhas
Gozag
Hepliaklqana
Kikubaaqudgha
Makhleb
Nemelex Xobeh
Okawaru
Qazlal
Ru
Sif Muna
Trog
Uskayaw
Vehumet
Wu Jian
Xom
Yredelemnul
Zin
The Shining One

Shops:
D:2 :   D:4 *   D:5 *[   D:6 *   D:11 [   D:12 [   D:15 ?   Orc:2 ((*??(=
Elf:1 ?   Elf:2 *   Shoals:4 :   Snake:2 *(   Snake:3 *==:=   Vaults:4 ((

Portals:
Hell: Depths:1 Depths:2 Depths:3 Depths:4
Abyss: Depths:2 Depths:3
Pandemonium: Depths:2 Depths:3
Ziggurat: Depths:1
Trove: Vaults:1 (give horn of Geryon)

Annotations:
Shoals:1 1 runed translucent door, Ycup's ghost, journeyman MiBe
Shoals:2 exclusion: oklob plant
Snake:1 exclusions: guardian serpent, naga, naga mage, naga warrior and salamander
Elf:2 3 runed translucent doors
Vaults:2 36 runed translucent doors


Innate Abilities, Weirdness & Mutations

You are a living statue of rough stone.
Your actions are slow, but your melee attacks are powerful.
You are resistant to unholy torment.
Your maximum health is greatly increased.
You are immune to poison.
You have sharp claws.
You have razor-sharp teeth.
You have supernaturally acute eyesight. (SInv)
((Your thick and shaggy fur keeps you warm. (AC +3, rC+)))
Your paws help you pounce on unaware monsters.
You are incapable of wielding weapons or throwing items.
You cannot wear armour.
You gain extra lives every three experience levels.
((You are partially covered in iridescent scales. (AC +2)))
You are clumsy. (Dex -2)
You are weak. (Str -2)
Your spells are a little harder to cast, but a little more powerful.


Message History

Unknown command.
Casting: Maxwell's Capacitive Coupling (dangerous; 8% risk of failure)
Confirm with . or Enter, or press ? or * to list all spells.
You begin accumulating electric charge. (Press . to continue charging.)
You feel charge building up... The Orb Guardian completely misses you.
The Orb Guardian misses you.
Unknown command.
Unknown command.
You feel charge building up... The Orb Guardian closely misses you.
The Orb Guardian completely misses you.
The electricity discharges through the Orb Guardian!!!!
The Orb Guardian vaporises in an electric haze!
You kill the Orb Guardian!
Dithmenos accepts your kill.
Unknown command.
Unknown command.
Unknown command.
Unknown command.
There is a stone staircase leading up here.
You climb upwards.
There is a stone staircase leading down here.
There is a stone staircase leading up here.
You climb upwards.
There is a stone staircase leading down here.
Magic restored.
Your magical contamination has completely faded away.
You see here a +0 giant spiked club.
There is a stone staircase leading up here.
You climb upwards.
There is a stone staircase leading down here.
There is a stone staircase leading up here.
You climb upwards.
There is a stone staircase leading down here.
Things that are here:
a +0 dagger; a goblin skeleton
There is an open door here.
There is an open door here.
There is a staircase leading out of the dungeon here.
You have escaped!

#..................#
######...#########.# #...#
#####'##### ### #...#
#..#...#..# ..######...#
#(.'...'..#
..##......)#####..#...#P~#
.........>.....####...####
..##......####.#..#...#PP#
..##......# #.#I.'...'..#
..##......# #.#~.#...#.~#
..##......# #.####.#.####
..##......# #.#~P#.#.#..#
...)...[..# #.#..'...'.P#
..........# #.#..#...#..#
....>####.# #.####...####
##...# #.# #.#..#...#..#
#...####.# #.#..'...'..#


There were no monsters in sight!

Vanquished Creatures
  the Royal Jelly (Slime:5)
  A seraph (D:9)
  6 dread liches
  Frederick (Depths:3)
  An ancient lich (Zot:5)
  8 orbs of fire
  A juggernaut (Depths:4)
  Xtahua (Crypt:3)
  2 pandemonium lords
  3 Killer Klowns (Zot:5)
  Saint Roka (Snake:4)
  6 caustic shrikes
  Vashnia (Snake:4)
  Margery (Vaults:5)
  18 golden dragons
  Norris (Elf:1)
  A bone dragon (Crypt:3)
  2 doom hounds (Zot:2)
  7 electric golems
  Rupert (D:14)
  29 Orb Guardians
  29 tentacled monstrosities
  Mlioglotl (Snake:3)
  7 liches
  2 Ice Fiends
  Grunn (Zot:2)
  8 quicksilver dragons
  A deep elf master archer (Elf:3)
  A deep elf blademaster (Elf:3)
  17 titans
  A walking divine tome (Depths:4)
  A walking earthen tome (Depths:2)
  An Executioner (Zot:4)
  6 death cobs
  An ancient champion (Crypt:2)
  A sphinx (Depths:2)
  20 acid blobs
  Polyphemus (Shoals:3)
  6 shadow dragons
  Agnes (D:14)
  Aizul (Snake:1)
  4 nagarajas
  17 storm dragons
  Donald (Lair:3)
  3 revenants
  8 draconian knights
  7 tengu reavers
  9 draconian monks
  8 fire giants
  4 azure jellies
  13 rockslimes
  13 deep elf sorcerers
  6 protean progenitors
  5 iron dragons
  10 frost giants
  5 draconian shifters
  2 deep elf elementalists (Elf:3)
  11 draconian scorchers
  7 ghost moths
  2 angels
  10 vault wardens
  5 draconian annihilators
  6 draconian stormcallers
  A caustic shrike zombie (Crypt:3)
  3 spriggan defenders
  A cacodemon (D:14)
  9 ghouls
  15 ironbound preservers
  2 orc warlords
  7 formless jellyfish
  18 stone giants
  8 very ugly things
  14 quicksilver oozes
  8 vampire knights
  8 ironbound thunderhulks
  8 deep elf death magi
  8 green draconians
  A lorocyproca (Zot:1)
  Nessos (D:14)
  11 black draconians
  16 dire elephants
  17 white draconians
  2 deep elf annihilators
  6 deep elf demonologists
  7 spark wasps
  13 purple draconians
  9 war gargoyles
  7 yellow draconians
  17 red draconians
  13 ettins
  2 eidola
  2 green deaths
  3 jiangshi
  Josephine (Lair:3)
  7 crystal guardians
  16 fire dragons
  2 merfolk javelineers (Shoals:4)
  9 merfolk impalers
  4 deep elf high priests
  4 entropy weavers
  16 yaktaur captains
  10 great orbs of eyes
  6 rakshasas
  A fenstrider witch zombie (Crypt:2)
  26 vault guards (Vaults:5)
  4 salamander tyrants
  10 ice dragons
  A quicksilver dragon skeleton (Crypt:1)
  3 ironbound frosthearts
  6 spriggan air magi
  9 peacekeepers
  4 ogre magi
  11 hydras
  3 alligators
  9 centaur warriors
  16 anacondas
  4 death knights
  7 two-headed ogres
  A bennu zombie (Crypt:1)
  23 dancing weapons
  2 satyrs
  9 death yaks
  3 alligator snapping turtles
  4 merfolk avatars
  6 catoblepae
  12 naga warriors
  5 vampire magi
  A hell hog (Lair:5)
  3 merfolk aquamancers
  A titan zombie (Crypt:1)
  4 tengu warriors
  7 boulder beetles
  6 deep troll earth magi
  4 orc high priests
  9 deep troll shamans
  10 spriggan berserkers
  A shock serpent (shapeshifter) (Depths:3)
  13 naga sharpshooters
  2 soul eaters
  A sun demon (D:9)
  12 shock serpents
  7 deep elf knights
  A sixfirhy (D:12)
  8 iron trolls
  6 skysharks
  A fire crab (Lair:5)
  17 hell knights
  A bunyip zombie (Crypt:3)
  2 shadow wraiths (Crypt:2)
  7 salamander mystics
  12 flayed ghosts
  6 glowing orange brains
  34 skeletal warriors
  A storm dragon skeleton (Crypt:1)
  A goliath frog (Snake:4)
  Lodul (D:14)
  2 golden dragon zombies (Crypt:3)
  An orb spider (shapeshifter) (Vaults:5)
  15 sea snakes
  A glowing orange brain (shapeshifter) (Vaults:5)
  3 death drakes (Zot:3)
  10 arcanists
  A cherub (D:9)
  2 mana vipers (shapeshifter)
  10 lindwurms
  37 deep trolls
  A golden dragon skeleton (Crypt:3)
  12 deep elf archers
  A sea snake (shapeshifter) (Vaults:5)
  5 bog bodies
  A bunyip skeleton (Crypt:3)
  22 deep elf zephyrmancers
  8 mana vipers
  7 naga ritualists
  9 orc knights
  Pikel (D:5)
  26 deep elf pyromancers
  13 necromancers
  17 ironbound convokers
  5 orc sorcerers
  2 phantasmal warriors
  16 harpies
  3 large abominations (Zot:4)
  An oklob plant (Orc:1)
  25 ugly things
  A wolf spider (D:15)
  A tengu skeleton (Depths:1)
  A faun (shapeshifter) (Vaults:5)
  16 manticores
  19 salamanders
  2 shining eyes
  10 fauns
  A cyclops (shapeshifter) (Vaults:5)
  A rust devil (D:14)
  2 naga zombies (Crypt:1)
  A toenail golem (D:14)
  24 moths of wrath
  48 black mambas
  15 cyclopes
  3 eyes of devastation
  9 water nymphs
  A dire elephant zombie (Crypt:3)
  17 elephants
  5 centaur zombies (D:13)
  3 kobold blastminers
  2 water nymphs (shapeshifter)
  9 merfolk sirens
  12 guardian serpents
  13 naga magi
  3 orange demons
  A gargoyle (D:14)
  22 vault sentinels
  An unseen horror (D:12)
  A minotaur zombie (Crypt:2)
  3 kobold demonologists
  16 yaktaurs
  8 cane toads
  A mana viper skeleton (Crypt:2)
  8 rime drakes
  5 freezing wraiths
  4 tengu conjurers
  A purple draconian skeleton (Crypt:2)
  3 ice devils
  A tormentor (D:12)
  2 efreet
  4 komodo dragons
  Psyche (D:8)
  2 spriggan skeletons
  6 trolls
  A harpy zombie (Crypt:3)
  A tyrant leech (Zot:4)
  An iron troll skeleton (Crypt:2)
  22 merfolk
  7 wind drakes
  12 polar bears
  A polar bear (shapeshifter) (D:14)
  11 hornets
  4 spriggan zombies
  4 raiju
  10 snapping turtles
  16 blink frogs
  5 glass eyes
  26 dream sheep
  A glass eye (shapeshifter) (Vaults:5)
  2 culicivoras
  An ettin skeleton (Crypt:3)
  2 meliai zombies (D:13)
  98 slime creatures
  2 air elementals
  A fire dragon skeleton (Crypt:1)
  4 shadows
  3 vampires (Vaults:2)
  3 fire elementals
  23 water elementals
  23 yaks
  An ice dragon skeleton (Crypt:2)
  A fire bat (Orc:2)
  10 spriggans
  6 wyverns
  16 wraiths
  A black mamba skeleton (Crypt:2)
  5 redbacks
  8 wargs
  A golden eye (Slime:5)
  2 steam dragons
  9 basilisks
  2 chaos spawn
  7 vampire mosquitoes
  35 nagas
  3 acid dragons
  12 water moccasins
  A faun skeleton (Crypt:1)
  14 hell hounds
  23 orc warriors
  A hornet zombie (Crypt:1)
  A meliai simulacrum (D:10)
  3 ice beasts
  A sky beast (D:8)
  13 black bears
  2 crocodiles (Sewer)
  29 laughing skulls
  37 wolves
  14 ogres
  8 boggarts
  4 centaurs
  A phantom (D:6)
  2 lemures (D:5)
  Blork the orc (D:6)
  12 kobold brigands
  A brain worm (shapeshifter) (Vaults:5)
  8 bullfrogs
  A gnoll sergeant (D:9)
  9 necrophages
  A scorpion (shapeshifter) (D:14)
  2 scorpions
  A naga simulacrum (Crypt:1)
  10 earth elementals
  11 wights
  A water moccasin zombie (Crypt:2)
  A polar bear zombie (Crypt:1)
  4 killer bees (D:8)
  10 electric eels
  6 howler monkeys
  4 lava snakes (Lair:3)
  5 hounds
  A gnoll bouda (D:6)
  2 bombardier beetles (D:5)
  2 jellies
  A human skeleton (Crypt:1)
  19 orc priests
  6 iguanas
  3 sleepcaps
  A boggart zombie (D:13)
  19 orc wizards
  14 hell rats
  Natasha (thrice) (D:2)
  13 adders
  7 gnolls
  4 river rats (Sewer)
  5 shadow imps
  6 white imps
  4 ufetubi
  A lava snake skeleton (Crypt:1)
  66 orcs
  10 ball pythons
  3 bats
  18 endoplasms
  5 giant cockroaches
  8 hobgoblins
  10 jackals
  5 quokkas
  A ball python skeleton (Crypt:2)
  7 frilled lizards
  A frilled lizard skeleton (Crypt:2)
  9 goblins
  30 kobolds
  An orc zombie (Crypt:1)
  10 rats
  3 aspiring fleshes
2535 creatures vanquished.

Vanquished Creatures (collateral kills)
  A hellephant (Vaults:5)
  A tentacled monstrosity (Vaults:5)
  A fire giant (Vaults:5)
  Louise (Shoals:3)
  A hell knight (Vaults:5)
5 creatures vanquished.

Vanquished Creatures (others)
  A draconian annihilator (Zot:1)
  An anaconda (Snake:1)
  A naga (Snake:3)
  An orc warrior (Snake:4)
4 creatures vanquished.

Grand Total: 2544 creatures vanquished

Notes
Turn   | Place    | Note
-------+----------+-------------------------------------------
     0 | D:1      | jboons the Felid Earth Elementalist began the quest for the
                  | Orb.
     0 | D:1      | Reached XP level 1. HP: 9/9 MP: 4/4
     0 | D:1      | Upgraded the game from 0.32-a0-120-gfac0567ad4 to
                  | 0.32-a0-128-g77eb882913
   205 | D:1      | Reached skill level 1 in Conjurations
   354 | D:1      | Reached XP level 2. HP: 13/13 MP: 3/6
   556 | D:1      | Found a faded altar of an unknown god.
   807 | D:1      | Reached XP level 3. HP: 16/16 MP: 6/8
   811 | D:1      | Learned a level 3 spell: Stone Arrow
   815 | D:1      | Learned a level 3 spell: Passwall
  1421 | D:2      | Found Nuuckunuo's Book Emporium.
  1628 | D:2      | Reached XP level 4. HP: 21/21 MP: 6/9
  1628 | D:2      | Gained a life (2 lives remaining)
  1781 | D:2      | Noticed Natasha
  1786 | D:2      | Killed Natasha
  1893 | D:2      | Noticed Natasha
  1901 | D:2      | Killed Natasha
  1967 | D:2      | Noticed Natasha
  1971 | D:2      | Killed Natasha
  1972 | D:2      | Reached XP level 5. HP: 22/24 MP: 7/10
  2366 | D:3      | Noticed a black bear
  2392 | D:3      | Found a glowing drain.
  2397 | Sewer    | Entered a sewer
  2471 | Sewer    | Reached skill level 5 in Dodging
  2651 | Sewer    | Gained mutation: You are covered in thick fur. (AC +2)
                  | [Felid growth]
  2651 | Sewer    | Reached XP level 6. HP: 6/28 MP: 9/11
  2948 | Sewer    | Reached skill level 5 in Earth Magic
  3698 | D:3      | Reached XP level 7. HP: 32/32 MP: 5/13
  4718 | D:3      | Found a glowing golden altar of the Shining One.
  5043 | D:4      | Found Ryfer's Assorted Antiques.
  5050 | D:4      | Bought a scroll labelled LUXUUM FUGISK for 24 gold pieces
  5325 | D:4      | Found a bloodstained altar of Trog.
  6040 | D:4      | Found Ryfer's Assorted Antiques.
  6212 | D:4      | Found a bloodstained altar of Trog.
  6263 | D:5      | Entered Level 5 of the Dungeon
  6323 | D:5      | Reached skill level 5 in Spellcasting
  6456 | D:5      | Found Bysyn's Antique Armour Shop.
  6494 | D:5      | Reached XP level 8. HP: 36/36 MP: 10/16
  6688 | D:5      | Noticed Pikel
  6805 | D:5      | Reached skill level 5 in Conjurations
  6930 | D:5      | Found Yqoit's General Store.
  6945 | D:5      | Reached skill level 1 in Fighting
  7167 | D:5      | Found a shadowy altar of Dithmenos.
  7217 | D:5      | Became a worshipper of Dithmenos the Shadowed
  7331 | D:5      | Killed Pikel
  7332 | D:5      | Reached skill level 5 in Fighting
  8037 | D:6      | Noticed Blork the orc
  8266 | D:6      | Reached XP level 9. HP: 47/47 MP: 15/17
  8297 | D:6      | Found Fotept's General Store.
  8305 | D:6      | Bought a potion of curing for 36 gold pieces
  8478 | D:6      | Learned a level 4 spell: Olgreb's Toxic Radiance
  8579 | D:6      | Reached skill level 1 in Alchemy
  8734 | D:6      | Reached * piety under Dithmenos
  9019 | D:6      | Killed Blork the orc
  9357 | D:6      | Found a sparkling altar of Nemelex Xobeh.
  9392 | D:6      | Found a staircase to the Ecumenical Temple.
  9498 | Temple   | Entered the Ecumenical Temple
  9948 | D:7      | Found a burning altar of Makhleb.
 10031 | D:7      | Reached skill level 5 in Alchemy
 10167 | D:7      | Learned a level 4 spell: Ignite Poison
 10359 | D:7      | Found a radiant altar of Vehumet.
 10499 | D:7      | Identified the amulet of Rizevvuk {Spirit +Inv Dex+4
                  | Stlth+}
 10683 | D:7      | Reached ** piety under Dithmenos
 10695 | D:7      | Reached skill level 1 in Fire Magic
 11139 | D:8      | Noticed Psyche
 11142 | D:8      | Killed Psyche
 11226 | D:8      | Reached XP level 10. HP: 51/51 MP: 9/18
 11502 | D:8      | Found an iron altar of Okawaru.
 11609 | D:8      | Found a staircase to the Lair.
 11635 | D:8      | Found a snail-covered altar of Cheibriados.
 11734 | D:8      | Found a stormy altar of Qazlal.
 13145 | D:10     | Entered Level 10 of the Dungeon
 13399 | D:10     | Noticed a boulder beetle
 13407 | D:10     | Killed a boulder beetle
 13408 | D:10     | Reached skill level 5 in Fire Magic
 14265 | D:10     | Noticed a cyclops
 14270 | D:10     | Killed a cyclops
 14368 | D:10     | Noticed an ice dragon
 14605 | D:11     | Reached XP level 11. HP: 56/56 MP: 3/19
 14833 | D:11     | Reached *** piety under Dithmenos
 15167 | D:11     | Found a basalt altar of Yredelemnul.
 15239 | D:11     | Found Naheemm's Armour Emporium.
 15296 | D:11     | Noticed a two-headed ogre
 15308 | D:11     | Killed a two-headed ogre
 15633 | D:2      | Bought a book of Minor Magic for 160 gold pieces
 15636 | D:2      | Learned a level 2 spell: Blink
 16145 | D:11     | Found a staircase to the Orcish Mines.
 16193 | D:11     | Noticed a boulder beetle
 16199 | D:11     | Killed a boulder beetle
 16852 | Lair:1   | Entered Level 1 of the Lair of Beasts
 17208 | Lair:1   | Reached skill level 10 in Dodging
 18730 | Lair:2   | Found a staircase to the Shoals.
 18736 | Lair:2   | Reached skill level 10 in Fighting
 18736 | Lair:2   | Reached skill level 1 in Invocations
 18740 | Lair:2   | Reached skill level 1 in Translocations
 18752 | Lair:2   | Reached **** piety under Dithmenos
 19016 | Lair:2   | Noticed a catoblepas
 19022 | Lair:2   | Killed a catoblepas
 19023 | Lair:2   | Gained mutation: Your thick and shaggy fur keeps you warm.
                  | (AC +3, rC+) [Felid growth]
 19023 | Lair:2   | Reached XP level 12. HP: 65/67 MP: 8/20
 19825 | Lair:3   | Reached skill level 5 in Translocations
 19902 | Lair:3   | Reached skill level 5 in Invocations
 19935 | Lair:3   | Reached skill level 1 in Evocations
 20042 | Lair:3   | Noticed a boulder beetle
 20088 | Lair:3   | Killed a boulder beetle
 20182 | Lair:3   | Found a staircase to the Snake Pit.
 20650 | Lair:3   | Reached skill level 5 in Evocations
 20650 | Lair:3   | Reached skill level 3 in Stealth
 20731 | Lair:3   | Reached skill level 4 in Stealth
 20913 | Lair:3   | Reached skill level 5 in Stealth
 20914 | Lair:3   | Reached skill level 6 in Stealth
 21142 | Lair:3   | Reached skill level 7 in Stealth
 21305 | Lair:3   | Reached skill level 8 in Stealth
 21412 | Lair:3   | Reached skill level 9 in Stealth
 21992 | Lair:3   | Noticed Josephine
 22382 | Lair:4   | Reached skill level 10 in Stealth
 22586 | Lair:4   | Found a shimmering altar of Xom.
 22586 | Lair:4   | Noticed a seven-headed hydra
 22594 | Lair:4   | Killed a seven-headed hydra
 22679 | Lair:4   | Noticed a death yak
 22701 | Lair:4   | Killed a death yak
 22702 | Lair:4   | Reached skill level 11 in Stealth
 22804 | Lair:4   | Noticed a five-headed hydra
 22818 | Lair:4   | Killed a five-headed hydra
 22984 | Lair:4   | Reached skill level 12 in Stealth
 22984 | Lair:4   | Reached XP level 13. HP: 48/72 MP: 13/21
 23195 | Lair:4   | Reached skill level 13 in Stealth
 23334 | Lair:4   | Reached ***** piety under Dithmenos
 23534 | Lair:4   | Reached skill level 14 in Stealth
 24011 | Lair:4   | Found a shimmering altar of Xom.
 24348 | Lair:5   | Entered Level 5 of the Lair of Beasts
 24856 | Lair:5   | Reached skill level 15 in Stealth
 25425 | Lair:5   | Reached skill level 16 in Stealth
 25437 | Lair:5   | Learned a level 5 spell: Lee's Rapid Deconstruction
 25983 | Lair:5   | Noticed a dire elephant
 27842 | Lair:5   | Reached XP level 14. HP: 77/77 MP: 13/22
 27891 | Lair:5   | Found a staircase to the Slime Pits.
 28982 | Lair:5   | Killed from afar by a hell hog
 28982 | Lair:5   | Lost a life (1 life remaining)
 29228 | Lair:5   | Reached ****** piety under Dithmenos
 29791 | Lair:5   | Found the +5 Lochaber axe {reach-cleave, Poleaxe ^Drain}
 31787 | Lair:5   | Found a staircase to the Slime Pits.
 32053 | Orc:1    | Entered Level 1 of the Orcish Mines
 32059 | Orc:1    | Reached skill level 10 in Invocations
 33130 | Orc:2    | Entered Level 2 of the Orcish Mines
 33287 | Orc:2    | Found a staircase to the Elven Halls.
 33363 | Orc:2    | Found Fitzeig's Jewellery Emporium.
 33455 | Orc:2    | Found Ysherel's Magic Scroll Emporium.
 33515 | Orc:2    | Found Neneyguf's Weapon Emporium.
 33920 | Orc:2    | Noticed an orc warlord
 34611 | Orc:2    | Found Uzytorirgh's Magic Scroll Shop.
 34611 | Orc:2    | Found Usazoaw's Weapon Emporium.
 34613 | Orc:2    | Found Sutadeob's General Store.
 34613 | Orc:2    | Found Yntiaqul's Antique Weapon Emporium.
 34653 | Orc:2    | Killed an orc warlord
 35285 | Orc:2    | Found a shimmering altar of Xom.
 35633 | Orc:2    | Bought the ring "Kiomeol" {rF+ rC+ Str+2 Int+6} for 918
                  | gold pieces
 35633 | Orc:2    | Bought an amulet of the acrobat for 450 gold pieces
 35683 | Orc:2    | Bought a scroll of identify for 22 gold pieces
 35683 | Orc:2    | Bought a scroll of identify for 22 gold pieces
 35683 | Orc:2    | Bought a scroll of identify for 22 gold pieces
 36379 | D:12     | Reached XP level 15. HP: 83/83 MP: 16/25
 36379 | D:12     | Gained a life (2 lives remaining)
 36815 | D:12     | Found Hocined's Antique Armour Shop.
 37105 | D:14     | Noticed Rupert
 39889 | D:14     | Noticed Lodul
 39894 | D:14     | Killed Lodul
 40054 | D:14     | Noticed Agnes
 40058 | D:14     | Killed Agnes
 40172 | D:14     | Found a gate to the Vaults.
 40182 | D:14     | Noticed Nessos
 40188 | D:14     | Killed Nessos
 40376 | D:14     | Killed Rupert
 41954 | D:14     | Found a gate to the Vaults.
 42221 | D:15     | Entered Level 15 of the Dungeon
 42221 | D:15     | Found Levva's Magic Scroll Shoppe.
 42336 | D:15     | Reached skill level 15 in Dodging
 42937 | D:15     | Found a staircase to the Depths.
 43722 | D:15     | Identified a scroll of acquirement
 44057 | D:15     | Found Levva's Magic Scroll Shoppe.
 44241 | D:15     | Found a staircase to the Depths.
 44348 | D:15     | Acquired the amulet of Qossoymy {RegenMP rElec Regen+
                  | Int+3}
 44372 | D:15     | Bought a scroll of teleportation for 45 gold pieces
 44372 | D:15     | Bought a scroll of fog for 60 gold pieces
 44602 | Shoals:1 | Entered Level 1 of the Shoals
 44909 | Shoals:1 | Reached XP level 16. HP: 93/93 MP: 17/26
 45182 | Shoals:1 | Found a runed translucent door.
 45185 | Shoals:1 | Noticed Ycup's ghost (journeyman MiBe)
 46286 | Shoals:2 | Reached skill level 10 in Earth Magic
 46668 | Shoals:2 | Found a shadowy altar of Dithmenos.
 46783 | Shoals:3 | Reached skill level 15 in Fighting
 46783 | Shoals:3 | Reached skill level 1 in Hexes
 46789 | Shoals:3 | Learned a level 5 spell: Yara's Violent Unravelling
 47040 | Shoals:3 | Reached skill level 5 in Hexes
 47042 | Shoals:3 | Noticed Louise
 47447 | D:4      | Bought a phantom mirror for 960 gold pieces
 48229 | Shoals:3 | Killed Louise
 49025 | Shoals:3 | Noticed Polyphemus
 49034 | Shoals:3 | Killed Polyphemus
 49550 | Shoals:4 | Entered Level 4 of the Shoals
 49978 | Shoals:4 | Reached XP level 17. HP: 99/99 MP: 17/28
 50113 | Shoals:4 | Got a barnacled rune of Zot
 50206 | Shoals:4 | Found Rukearchu's Vocational Training.
 51141 | Shoals:4 | Identified the ring of Imoynuy {rC+ Str+4 Int-5}
 51907 | Snake:1  | Entered Level 1 of the Snake Pit
 51907 | Snake:1  | Noticed Donald
 51918 | Lair:3   | Killed Donald
 52425 | Snake:1  | Identified the serpent talisman of Caig {rElec Str-3 Dex+8
                  | Slay+3}
 52425 | Snake:1  | Noticed Aizul
 52711 | Snake:1  | Reached skill level 10 in Evocations
 52839 | Snake:1  | HP: 2/99 [poisoned by Aizul (bolt of poison)]
 52876 | Snake:1  | Killed Aizul
 54248 | Snake:2  | Found Vuusachyng's Weapon Boutique.
 54248 | Snake:2  | Found Rodacs's Assorted Antiques.
 54660 | Snake:2  | Found Vuusachyng's Weapon Boutique.
 54660 | Snake:2  | Found Rodacs's Assorted Antiques.
 56150 | Snake:3  | Found Zustraut's Jewellery Boutique.
 56545 | Snake:3  | Reached skill level 15 in Invocations
 56598 | Snake:3  | Reached skill level 1 in Air Magic
 56785 | Snake:3  | Found Giosuith's Jewellery Shoppe.
 56786 | Snake:3  | Found Jutumathae's Book Shop.
 56787 | Snake:3  | Found Xiocesat's Jewellery Shoppe.
 56871 | Snake:3  | Reached XP level 18. HP: 99/104 MP: 26/30
 57122 | Snake:3  | Found Zafuol's Mass Market.
 57674 | Snake:3  | Found Zustraut's Jewellery Boutique.
 57964 | Snake:3  | Found Giosuith's Jewellery Shoppe.
 57965 | Snake:3  | Found Jutumathae's Book Shop.
 57967 | Snake:3  | Found Xiocesat's Jewellery Shoppe.
 58068 | Snake:3  | Found Zafuol's Mass Market.
 58719 | Snake:4  | Entered Level 4 of the Snake Pit
 59110 | Snake:4  | Acquired 850 gold pieces
 59236 | Snake:4  | Found a radiant altar of Vehumet.
 59750 | Snake:4  | Reached skill level 5 in Air Magic
 59965 | Snake:4  | Noticed Mlioglotl
 60160 | Snake:3  | Killed Mlioglotl
 60541 | Snake:4  | Learned a level 6 spell: Plasma Beam
 60642 | Snake:4  | Noticed Vashnia
 60886 | Snake:4  | Killed Vashnia
 61776 | Snake:4  | Noticed Saint Roka
 62030 | Snake:4  | Killed Saint Roka
 62145 | Snake:4  | Got a serpentine rune of Zot
 62670 | Elf:1    | Entered Level 1 of the Elven Halls
 62670 | Elf:1    | Noticed Norris
 62674 | Orc:2    | Reached skill level 10 in Fire Magic
 62956 | Snake:3  | Bought the ring "Colicac" {MP+9 EV+5 Int+4} for 1265 gold
                  | pieces
 63128 | Lair:3   | Killed Josephine
 63640 | Vaults:1 | Entered Level 1 of the Vaults
 63753 | Vaults:1 | Found a portal to a secret trove of treasure.
 63892 | Vaults:1 | Mangled by a war gargoyle
 63892 | Vaults:1 | Lost a life (1 life remaining)
 63981 | Vaults:1 | Reached XP level 19. HP: 108/108 MP: 28/32
 63981 | Vaults:1 | Gained a life (2 lives remaining)
 64453 | Vaults:1 | You fall into a shaft and drop 1 floor!
 64617 | Vaults:2 | Found a huge runed translucent gate.
 64617 | Vaults:2 | Found a huge runed translucent gate.
 64617 | Vaults:2 | Found a huge runed translucent gate.
 64617 | Vaults:2 | Found a huge runed translucent gate.
 64617 | Vaults:2 | Found a huge runed translucent gate.
 64617 | Vaults:2 | Found a huge runed translucent gate.
 64618 | Vaults:2 | Found a huge runed translucent gate.
 64618 | Vaults:2 | Found a huge runed translucent gate.
 64618 | Vaults:2 | Found a huge runed translucent gate.
 64618 | Vaults:2 | Found a huge runed translucent gate.
 64618 | Vaults:2 | Found a huge runed translucent gate.
 64656 | Vaults:2 | Found a huge runed translucent gate.
 64656 | Vaults:2 | Found a huge runed translucent gate.
 64657 | Vaults:2 | Found a huge runed translucent gate.
 64658 | Vaults:2 | Found a huge runed translucent gate.
 64658 | Vaults:2 | Found a huge runed translucent gate.
 64662 | Vaults:2 | Found a huge runed translucent gate.
 64663 | Vaults:2 | Found a huge runed translucent gate.
 64664 | Vaults:2 | Found a huge runed translucent gate.
 64664 | Vaults:2 | Found a huge runed translucent gate.
 64668 | Vaults:2 | Found a huge runed translucent gate.
 64669 | Vaults:2 | Found a huge runed translucent gate.
 64670 | Vaults:2 | Found a huge runed translucent gate.
 64671 | Vaults:2 | Found a huge runed translucent gate.
 64671 | Vaults:2 | Found a huge runed translucent gate.
 64675 | Vaults:2 | Found a huge runed translucent gate.
 64676 | Vaults:2 | Found a huge runed translucent gate.
 64677 | Vaults:2 | Found a huge runed translucent gate.
 64677 | Vaults:2 | Found a huge runed translucent gate.
 64681 | Vaults:2 | Found a huge runed translucent gate.
 64682 | Vaults:2 | Found a huge runed translucent gate.
 64683 | Vaults:2 | Found a huge runed translucent gate.
 64684 | Vaults:2 | Found a huge runed translucent gate.
 64684 | Vaults:2 | Found a huge runed translucent gate.
 64688 | Vaults:2 | Found a huge runed translucent gate.
 64689 | Vaults:2 | Found a huge runed translucent gate.
 65000 | Vaults:1 | Reached skill level 10 in Air Magic
 66496 | Vaults:1 | Found a portal to a secret trove of treasure.
 67202 | Vaults:2 | Reached skill level 17 in Stealth
 67692 | Vaults:2 | Found a staircase to the Crypt.
 70075 | Vaults:3 | Reached XP level 20. HP: 83/114 MP: 18/33
 71207 | Vaults:4 | Found Pebbe's Antique Weapon Shop.
 72169 | Vaults:4 | Found Vesoadu's Weapon Shoppe.
 73078 | Depths:1 | Entered Level 1 of the Depths
 73988 | Depths:1 | Found a gateway to Hell.
 74273 | Depths:1 | Found a one-way gateway to a ziggurat.
 74678 | Depths:2 | Found a one-way gate to the infinite horrors of the Abyss.
 75198 | Depths:2 | Found a one-way gate leading to the halls of Pandemonium.
 75207 | Depths:2 | Reached skill level 10 in Spellcasting
 75743 | Depths:2 | Found an ornate altar of the Wu Jian Council.
 76184 | Depths:2 | Learned a level 6 spell: Starburst
 76380 | Depths:2 | Noticed a caustic shrike
 76794 | Depths:2 | Reached XP level 21. HP: 119/119 MP: 36/36
 77270 | Depths:2 | Noticed a golden dragon
 77292 | Depths:2 | Killed a golden dragon
 77396 | Depths:2 | Killed a caustic shrike
 77512 | Depths:2 | Noticed a golden dragon
 77519 | Depths:2 | Killed a golden dragon
 77522 | Depths:2 | Noticed a golden dragon
 77986 | Depths:2 | Killed a golden dragon
 78471 | Depths:2 | Found a one-way gate leading to the halls of Pandemonium.
 78812 | Depths:2 | Found a one-way gate to the infinite horrors of the Abyss.
 79092 | Depths:2 | Found an ornate altar of the Wu Jian Council.
 79512 | Depths:3 | Identified the orb of Elyvilon, Kissing {light, rElec Str+5
                  | Int-2 Conj}
 79512 | Depths:3 | Noticed Frederick
 80560 | Depths:3 | Killed Frederick
 80963 | Depths:3 | Noticed a golden dragon
 81607 | Depths:3 | Noticed a golden dragon
 81933 | Depths:3 | Killed a golden dragon
 82038 | Depths:3 | Identified the +7 whip "Silloxt" {freeze, Will- Dex+5}
 82891 | Depths:3 | Killed a golden dragon
 84204 | Depths:4 | Entered Level 4 of the Depths
 85252 | Depths:4 | Reached XP level 22. HP: 128/128 MP: 16/37
 85798 | Depths:4 | Noticed a golden dragon
 85882 | Depths:4 | Noticed a juggernaut
 85885 | Depths:4 | Killed a golden dragon
 85885 | Depths:4 | Killed a juggernaut
 86142 | Depths:4 | Noticed a caustic shrike
 86143 | Depths:4 | Noticed a caustic shrike
 86416 | Depths:4 | Noticed a caustic shrike
 86417 | Depths:4 | Noticed a caustic shrike
 86418 | Depths:4 | Noticed a caustic shrike
 86419 | Depths:4 | Killed a caustic shrike
 86800 | Depths:4 | Killed a caustic shrike
 86872 | Depths:4 | Noticed a golden dragon
 86894 | Depths:4 | Killed a golden dragon
 87061 | Depths:4 | Killed a caustic shrike
 87119 | Depths:4 | Killed a caustic shrike
 87123 | Depths:4 | Killed a caustic shrike
 87236 | Depths:4 | Found a gate to the Realm of Zot.
 87268 | Depths:4 | Found a gate to the Realm of Zot.
 88686 | Elf:1    | Killed Norris
 88972 | Elf:1    | Acquired a book of Annihilations
 88987 | Elf:1    | Found Bifrimen's Magic Scroll Boutique.
 88993 | Elf:1    | Bought a scroll of fog for 68 gold pieces
 88993 | Elf:1    | Bought a scroll of revelation for 127 gold pieces
 88993 | Elf:1    | Bought a scroll of blinking for 127 gold pieces
 89220 | Elf:1    | Reached skill level 15 in Fire Magic
 89545 | Elf:1    | Found an ancient bone altar of Kikubaaqudgha.
 90087 | Elf:2    | Found Margh's General Store.
 90091 | Elf:2    | Bought a wand of acid (4) for 302 gold pieces
 90091 | Elf:2    | Bought a scroll of teleportation for 54 gold pieces
 90840 | Elf:2    | Found a runed translucent gate.
 90840 | Elf:2    | Found a runed translucent gate.
 90841 | Elf:2    | Found a runed translucent gate.
 91046 | Elf:3    | Entered Level 3 of the Elven Halls
 92365 | Elf:3    | Reached XP level 23. HP: 130/131 MP: 40/40
 92680 | Elf:3    | Reached skill level 15 in Air Magic
 92758 | Elf:3    | Identified the +6 morningstar of the Little People {freeze,
                  | rC+}
 92835 | Elf:3    | Identified the +4 halberd of the Clean God {drain, Int+3}
 92835 | Elf:3    | Identified the +8 battleaxe of Dullness {flame, rF+ SInv}
 92960 | Elf:3    | Identified the +0 robe of Yesterday {*Corrode MP+9 Str+6}
 93024 | Elf:3    | Identified the +6 mace of Tyulump {flame, rF+ rN+}
 93792 | Elf:3    | Learned a level 8 spell: Ignition
 94161 | Slime:1  | Entered Level 1 of the Pits of Slime
 94657 | Slime:5  | Entered Level 5 of the Pits of Slime
 94825 | Slime:5  | Noticed the Royal Jelly
 94872 | Slime:5  | HP: 5/133 [acid (6)]
 95393 | Slime:5  | Killed the Royal Jelly
 95906 | Slime:5  | Got a slimy rune of Zot
 95956 | Slime:5  | Identified the ring of Fessaups {Wiz rN+ rCorr Int+2}
 95986 | Slime:5  | Found the +10 Black Knight's barding {ponderous, rPois rN+}
 96003 | Slime:5  | Identified the staff of Pandemonium {rF+ rCorr MP-9 Dex+6
                  | Tloc Fire}
 99281 | Crypt:1  | Entered Level 1 of the Crypt
 99585 | Vaults:2 | Reached skill level 5 in Shapeshifting
101975 | Crypt:2  | Noticed a dread lich
101979 | Crypt:2  | Killed a dread lich
102432 | Crypt:2  | Reached XP level 24. HP: 137/137 MP: 30/41
103742 | Crypt:3  | Entered Level 3 of the Crypt
104270 | Crypt:3  | Noticed Xtahua
104330 | Crypt:3  | Killed Xtahua
104622 | Crypt:3  | Found a staircase to the Tomb.
105028 | Crypt:3  | Identified the +1 plate armour "Hofrof" {rPois Dex+3}
105076 | Crypt:3  | Identified the ring "Puysatt" {rElec rN+ MP+9}
105183 | Crypt:3  | Noticed a dread lich
105201 | Crypt:3  | Killed a dread lich
105667 | Crypt:3  | Found a basalt altar of Yredelemnul.
105685 | Crypt:3  | Got the Handbook of the Cemetery
105687 | Crypt:3  | Got the Octavo of the Souls
105688 | Crypt:3  | Identified the ring "Foqin" {rN+ Int+3 SInv}
105972 | Vaults:5 | Entered Level 5 of the Vaults
106097 | Vaults:5 | Noticed Margery
106100 | Vaults:5 | Reached skill level 10 in Shapeshifting
106171 | Vaults:5 | Noticed a dread lich
106258 | Vaults:5 | Learned a level 2 spell: Sublimation of Blood
106370 | Vaults:5 | Identified the +5 shortbow "Bilaicai" {drain, rPois rF-
                  | rN+} (You took it off a yaktaur on level 5 of the Vaults)
106370 | Vaults:5 | Identified the ring of Lady Luck {rElec rN+++ Will+ rCorr
                  | Dex-2}
106379 | Vaults:5 | Identified the +3 scale mail of Day {rPois Int+2 Slay+2}
106592 | Vaults:5 | Found the +3 pair of gauntlets of War {Slay+5}
107014 | Vaults:5 | Identified the +1 scimitar "Iffi" {drain, rC++}
107080 | Vaults:5 | Killed a dread lich
107235 | Vaults:5 | Reached XP level 25. HP: 142/142 MP: 36/41
107730 | Vaults:5 | Killed Margery
107906 | Vaults:5 | Got a silver rune of Zot
109193 | Vaults:5 | Got Reckoun's Grimoire of the Postmortem Blizzard
109210 | Vaults:5 | Identified the +0 scale mail of Freedom {rF+ rC- Regen+
                  | Dex+3}
109654 | Zot:1    | Entered Level 1 of the Realm of Zot
109654 | Zot:1    | Noticed an orb of fire
109668 | Depths:4 | Learned a level 8 spell: Maxwell's Capacitive Coupling
109676 | Zot:1    | Killed an orb of fire
110675 | D:2      | Bought a book of Cantrips for 160 gold pieces
110677 | D:2      | Learned a level 1 spell: Apportation
111177 | Zot:1    | Identified the +7 orcbow of the Absolute Madman {heavy, rF+
                  | rN+ Will- Str+4}
112745 | Zot:2    | Reached XP level 26. HP: 130/147 MP: 22/42
113184 | Zot:2    | Reached skill level 15 in Spellcasting
113300 | Zot:2    | Noticed Grunn
113303 | Zot:2    | Killed Grunn
113323 | Zot:2    | Reached skill level 15 in Shapeshifting
115663 | Zot:3    | Reached skill level 18 in Stealth
116971 | Zot:4    | Reached skill level 19 in Stealth
117449 | Zot:5    | Entered Level 5 of the Realm of Zot
117549 | Zot:4    | Gained mutation: You occasionally lose the ability to read
                  | scrolls when taking damage. [mutagenic glow]
117589 | Zot:4    | Lost mutation: You occasionally lose the ability to read
                  | scrolls when taking damage. [potion of mutation]
117589 | Zot:4    | Gained mutation: You are clumsy. (Dex -2) [potion of
                  | mutation]
117589 | Zot:4    | Gained mutation: Your mind is acute. (Int +4, Str/Dex -1)
                  | [potion of mutation]
117589 | Zot:4    | Gained mutation: You are partially covered in iridescent
                  | scales. (AC +2) [potion of mutation]
117910 | Zot:5    | Reached skill level 20 in Stealth
119224 | Zot:5    | Noticed a dread lich
119301 | Zot:5    | Noticed an orb of fire
119304 | Zot:5    | Killed an orb of fire
119317 | Zot:5    | Noticed an orb of fire
119321 | Zot:5    | Killed an orb of fire
119322 | Zot:5    | Reached XP level 27. HP: 155/155 MP: 40/43
119405 | Zot:5    | Noticed an orb of fire
119408 | Zot:5    | Lost mutation: Your mind is acute. (Int +4, Str/Dex -1) [an
                  | orb of fire]
119409 | Zot:5    | Killed an orb of fire
119668 | Zot:5    | Killed a dread lich
119841 | Zot:5    | Noticed an orb of fire
119852 | Zot:5    | Noticed an orb of fire
119853 | Zot:5    | Gained mutation: Your spells are a little easier to cast,
                  | but a little less powerful. [an orb of fire]
119856 | Zot:5    | Killed an orb of fire
119859 | Zot:5    | Noticed an ancient lich
119863 | Zot:5    | Killed an ancient lich
120442 | Zot:5    | Noticed an orb of fire
120445 | Zot:5    | Killed an orb of fire
120558 | Zot:5    | Noticed an orb of fire
120558 | Zot:5    | Gained mutation: You are weak. (Str -2) [an orb of fire]
120565 | Zot:5    | Killed an orb of fire
120569 | Zot:5    | Noticed a dread lich
120572 | Zot:5    | Killed a dread lich
120653 | Zot:5    | Reached skill level 21 in Stealth
120655 | Zot:5    | Gained mutation: Your health recovers twice as slowly from
                  | being drained. [an orb of fire]
120656 | Zot:5    | Killed an orb of fire
120670 | Zot:5    | Noticed a dread lich
120672 | Zot:5    | Killed a dread lich
120732 | Zot:5    | Lost mutation: Your spells are a little easier to cast, but
                  | a little less powerful. [potion of mutation]
120732 | Zot:5    | Lost mutation: Your health recovers twice as slowly from
                  | being drained. [potion of mutation]
120732 | Zot:5    | Gained mutation: Your spells are a little harder to cast,
                  | but a little more powerful. [potion of mutation]
122045 | Zot:5    | Reached skill level 22 in Stealth
122080 | Zot:5    | Identified the maw talisman of the Beekeeper {Str+3}
123006 | Zot:5    | Got the Orb of Zot
123162 | Depths:3 | Noticed Binus the pandemonium lord
123226 | D:15     | Noticed Yvoc Eqe the pandemonium lord
123232 | D:15     | Killed Yvoc Eqe the pandemonium lord
123308 | D:14     | Noticed Sargheo Puniff the pandemonium lord
123337 | D:12     | Reached skill level 23 in Stealth
123430 | D:10     | Noticed Vukh the pandemonium lord
123437 | D:10     | Killed Vukh the pandemonium lord
123528 | D:9      | Noticed a seraph
123530 | D:9      | Killed a seraph
123676 | D:$      | Escaped with the Orb!

Illustrated notes

Levels and vault maps discovered:
D:1:      dpeg_arrival_prison, layout_basic, hellmonk_ecumenical_altar_blasted,
          minmay_nonomino_d4
D:2:      layout_loops_ring, serial_shops, nicolae_book_shop_shelving,
          uniq_natasha
D:3:      layout_basic, mainiacjoe_overflow_alcove_4, portal_sewer_entry_e,
          roderic_st_hans_cross, grunt_decor_fettered, kennysheep_minor_cross,
          grunt_ministairs_6
D:4:      layout_loops_cross, marbit_many_paths, serial_shops, shop
D:5:      layout_basic, grunt_dithmenos_smoke_and_mirrors, serial_shops,
          nicolae_shop_crystal, shop, uniq_pikel
D:6:      layout_loops_cross, general_overflow_altar,
          minmay_temple_entry_butterflies, serial_shops, shop,
          uniq_blork_the_orc
D:7:      layout_basic, lightli_temple_of_fire, vehumet_altar_wand_db,
          serial_demonic, serial_demonic_e, serial_demonic_a, serial_demonic_e,
          serial_demonic_e, chequers_garden
D:8:      layout_rooms, lemuel_round_altar, lemuel_round_altar,
          kennysheep_little_box, lair_entry_dummy, serial_corexii_hall,
          chequers_hall_statues_y, chequers_hall_statues_wall_a,
          chequers_hall_statues_wall_a, uniq_psyche
D:9:      layout_gridville
D:10:     layout_loops_ring, special_room [special_room_kobold],
          minmay_evil_grid
D:11:     layout_loops_ring, david_orc_5, serial_shops, shop,
          yredelemnul_altar_generic
D:12:     layout_big_octagon, serial_shops, shop, serial_bayou_lagoon_b
D:13:     layout_cave_pools, serial_undead, serial_undead_c, serial_undead_c,
          serial_undead_e, serial_undead_d, serial_undead_a, serial_undead_e,
          serial_undead_d
D:14:     layout_cave_pools, david_vaults_2, minmay_pinched_square, uniq_rupert,
          uniq_lodul, uniq_nessos, uniq_agnes
D:15:     hangedman_depths_entry_try_elsewhere_first, layout_basic,
          minivault_27, serial_shops, nicolae_shop_hallway_stairs,
          hangedman_cracks_in_the_wall
Temple:   oiseaux_autumnal_temple
Lair:1:   layout_cave_pods, grunt_megastairs_1
Lair:2:   layout_cave_pods, shoals_dummy_entry
Lair:3:   layout_cave_pods, nicolae_snake_entry_warm_welcome, st_stairs_13,
          serial_bayou_pond_c, nicolae_lair_lindhole, uniq_josephine
Lair:4:   layout_gridlike, basic_altar, infiniplex_staircase_pool
Lair:5:   hangedman_lair_caniforms_friends, layout_cave_shapes,
          hangedman_lair_in_review, nicolae_slime_entry_slimehenge
Shoals:1: layout_shoals, ebering_ghost_inner_flame
Shoals:2: layout_shoals, nicolae_shoals_lost_giant_amphitheater,
          lemuel_oklob_altar
Shoals:3: layout_shoals, uniq_polyphemus, uniq_louise
Shoals:4: shoals_end_hangedman, layout_shoals, nicolae_shop_vocational
Snake:1:  nicolae_snake_unarmed_stairs_patrol, layout_onion,
          beargit_elvish_explorers, uniq_aizul, uniq_donald
Snake:2:  layout_cave_pods, nicolae_snake_lava_pool, minmay_shoptagon
Snake:3:  layout_layer_cave, serial_shops, shop, minmay_shop_mass, st_stairs_13,
          grunt_megastairs_2, minmay_shop_grove
Snake:4:  grunt_snake_rune_pools, layout_cave_town, basic_altar,
          nicolae_snake_herptile_family_reunion, serial_bayou_shore_a,
          uniq_vashnia, uniq_mlioglotl, uniq_saint_roka
Slime:1:  layout_caves
Slime:2:  layout_caves
Slime:3:  layout_caves
Slime:4:  layout_caves
Slime:5:  slime_pit
Orc:1:    layout_caves, mines3_lemuel
Orc:2:    grunt_orc_tribal_feast, layout_caves, basic_altar, serial_shops,
          nicolae_shop_tiny_waterfront, nicolae_lakefront_shop,
          nicolae_shop_behind_doors, regret_index_minedec_shroomtown_chain,
          regret_index_xom_of_box
Elf:1:    minmay_elf_arrival_summoners, layout_geoelf_diagonals, basic_altar,
          serial_shops, shop, minivault_28, uniq_norris
Elf:2:    elven_hall_of_blades_hangedman_original [nicolae_blade_lattice],
          layout_geoelf_octagon, serial_shops, shop, nicolae_fountain_basement
Elf:3:    minmay_elf_hall_dome, layout_geoelf_castle
Vaults:1: grunt_vaults_twisty, vaults_room_door_hall, hangedman_vaults_impose,
          vaults_standard_mumra_enter_the_diamond, grunt_vaults_hallway_long,
          nicolae_vaults_house_3, vaults_room_door_hall,
          vaults_room_grunt_arrival_ludios, nicolae_vaults_trapezoid_lopsided_3,
          layout_vaults_quadrants, nicolae_trove_entry_free_sample
Vaults:2: nicolae_vaults_little_squares_4, grunt_vaults_hallway_long,
          vaults_dpeg_hooks, v_rooms_4, minmay_crypt_entry_vampire_xt,
          v_misc_28, nicolae_vaults_weapon_check, vaults_dpeg_spiral,
          nicolae_vaults_closet_pinwheel_2, v_misc_11, door_vault,
          layout_vaults_maze_bifur
Vaults:3: vaults_standard_mumra_lines, nicolae_vaults_network_s, v_misc_5,
          nicolae_vaults_tetromino_T_1, nicolae_vaults_trapezoid_lopsided_2,
          v_alt_pattern_1, v_rooms_6, hangedman_vaults_nails, vaults_dpeg_ring,
          vaults_mumra_minichess, v_misc_8, nicolae_vaults_little_squares_2,
          vaults_dpeg_emergency_exit, layout_vaults_omnibox
Vaults:4: nicolae_vaults_taking_the_gang_shopping, dpeg_vaults_monster_box,
          v_rooms_3, nicolae_vaults_mini_display_case, vaults_room_grid,
          vaults_mumra_minichess_inversion, nicolae_vaults_crenellated_ambush,
          nicolae_vaults_trapezoid_4, nicolae_vaults_storage_closets_3,
          layout_vaults_omnicross, serial_shops, nicolae_shop_tiny_statue_garden
Vaults:5: serial_shops, uniq_margery
Crypt:1:  layout_basic, st_stairs_10, uniq_josephina
Crypt:2:  layout_misc_corridors
Crypt:3:  cryptofortress_bobbens, uniq_xtahua
Depths:1: layout_basic, enter_ziggurat_e, nicolae_tricolors,
          pf_vacation_house_of_asmodeus, lemuel_flamethrower_hall
Depths:2: nicolae_herringbone, layout_gridlike, hell_entry, abyss_entry,
          pan_entry, nicolae_wu_jian_immortal_techniques,
          kennysheep_opposing_triangles
Depths:3: wad_guarded_room, layout_cave_shapes, abyss_entry, hell_entry,
          pan_entry, minmay_misc_feat_tiny, infiniplex_staircase_pillars_1,
          uniq_frederick
Depths:4: grunt_runaround [grunt_runaround_zot, grunt_runaround_doors_1,
          grunt_runaround_doors_2, grunt_runaround_doors_3,
          grunt_runaround_doors_4], hell_entry
Zot:1:    layout_basic, regret_index_zotdec_serpentine_coiled
Zot:2:    minmay_elemental_castle, layout_misc_corridors, uniq_grunn
Zot:3:    layout_cathedral_of_symmetry, st_stairs_8, grunt_megastairs_5
Zot:4:    layout_onion_interference, nicolae_tricolors
Zot:5:    layout_gridlike

Skill      XL: |  1  2  3  4  5  6  7  8  9 10 11 12 13 14 15 16 17 18 19 20 21 22 23 24 25 26 27 |
---------------+----------------------------------------------------------------------------------+-----
Earth Magic    | 3 4 5 6 9 10 | 10.0
Conjurations   | 1 2 3 4 5 6 8 |  8.0
Spellcasting   | 3 5 6 7 8 10 12 13 14 15 | 15.0
Dodging        | 4 5 7 10 12 15 18 | 18.0
Fighting       | 5 6 10 11 14 15 16 18 19 20 | 20.0
Alchemy        | 6 8 |  8.0
Fire Magic     | 2 6 10 12 13 15 16 18 19 | 19.0
Invocations    | 3 5 10 11 15 | 15.0
Translocations | 3 5 |  5.0
Evocations     | 5 7 10 | 10.0
Stealth        | 12 16 17 20 23 | 23.9
Hexes          | 8 |  8.0
Air Magic      | 1 8 10 12 14 16 17 | 17.0
Shapeshifting  | 6 12 14 17 18 | 18.8

Action                     |  1- 3 |  4- 6 |  7- 9 | 10-12 | 13-15 | 16-18 | 19-21 | 22-24 | 25-27 || total
---------------------------+-------+-------+-------+-------+-------+-------+-------+-------+-------++-------
  Melee: Unarmed           |     6 |    11 |     1 |    21 |    37 |     7 |     2 |    13 |    13 ||   111
         Bite              |     1 |     5 |       |     3 |     7 |       |       |     2 |     2 ||    20
         Punch             |       |     3 |       |     2 |     5 |     2 |     1 |     3 |     2 ||    18
   Cast: Sandblast         |    59 |    77 |   104 |    19 |     5 |     1 |       |       |       ||   265
         Stone Arrow       |       |     2 |    93 |   158 |   411 |   720 |    25 |     9 |     4 ||  1422
         Olgreb's Toxic Ra |       |       |     4 |    73 |   191 |   192 |    24 |     2 |     1 ||   487
         Ignite Poison     |       |       |     3 |    39 |   101 |   107 |    16 |       |       ||   266
         Blink             |       |       |       |     4 |     3 |     9 |     1 |     5 |     7 ||    29
         Lee's Rapid Decon |       |       |       |       |    33 |    71 |    36 |   164 |    24 ||   328
         Passwall          |       |       |       |       |     1 |       |       |       |     5 ||     6
         Yara's Violent Un |       |       |       |       |       |    23 |     4 |     7 |     4 ||    38
         Plasma Beam       |       |       |       |       |       |     3 |   762 |   705 |   252 ||  1722
         Starburst         |       |       |       |       |       |       |     5 |    54 |    22 ||    81
         Ignition          |       |       |       |       |       |       |       |    54 |    55 ||   109
         Sublimation of Bl |       |       |       |       |       |       |       |     2 |       ||     2
         Maxwell's Capacit |       |       |       |       |       |       |       |       |   147 ||   147
         Apportation       |       |       |       |       |       |       |       |       |     3 ||     3
 Invoke: Shadow Form       |       |       |       |       |       |     1 |       |     1 |     1 ||     3
Ability: Begin Untransform |       |       |       |       |       |       |       |     1 |       ||     1
  Evoke: Wand              |       |       |     1 |    12 |    19 |    12 |    15 |     8 |    33 ||   100
         Phantom mirror    |       |       |       |       |       |     3 |     2 |     3 |     2 ||    10
         Lightning rod     |       |       |       |       |       |     4 |     2 |     5 |     4 ||    15
         Condenser vane    |       |       |       |       |       |     1 |     1 |     1 |     1 ||     4
    Use: Scroll            |     1 |     5 |     6 |     9 |    11 |    11 |     5 |    11 |    16 ||    75
         Potion            |       |     1 |       |     1 |       |     9 |     1 |    17 |    11 ||    40
   Stab: Sleeping          |     1 |       |       |       |     2 |     2 |       |     2 |       ||     7
         Distracted        |       |       |       |     1 |       |       |       |       |       ||     1
         Invisible         |       |       |       |       |       |       |       |       |     1 ||     1
 Armour: Skin              |     2 |    13 |    25 |    40 |   112 |   218 |    96 |   119 |   270 ||   895
  Dodge: Dodged            |    18 |    38 |    62 |   154 |   351 |   672 |   240 |   392 |   626 ||  2553
   Form: Statue            |       |       |       |       |       |       |       |     1 |     1 ||     2

Table legend: (Time is in decaauts)
 A = Elapsed time spent in this place.
 B = Non-inter-level travel time spent in this place.
 C = Inter-level travel time spent in this place.
 D = Time resting spent in this place.
 E = Time spent auto-exploring this place.
 F = Levels seen in this place.
 G = Mean time per level.
                   A        B        C        D        E       F      G
               +--------+--------+--------+--------+--------+-----+--------+
         Total | 131857 | 119927 |  11930 |  27933 |  69196 |  57 | 2313.3 |
       Dungeon |  29072 |  23821 |   5251 |   5490 |  14514 |  15 | 1938.1 |
        Temple |      1 |      1 |      0 |      0 |      0 |   1 |    1.0 |
          Lair |  16796 |  15247 |   1549 |   3901 |   9195 |   5 | 3359.2 |
        Shoals |   7176 |   6607 |    569 |   1305 |   3467 |   4 | 1794.0 |
     Snake Pit |  10437 |   9767 |    670 |   2237 |   5143 |   4 | 2609.2 |
    Slime Pits |   4636 |   4388 |    248 |   1410 |   2421 |   5 |  927.2 |
  Orcish Mines |   3710 |   3432 |    278 |   1238 |   1714 |   2 | 1855.0 |
   Elven Halls |   5180 |   4882 |    298 |   1109 |   2655 |   3 | 1726.7 |
        Vaults |  13542 |  12534 |   1008 |   2849 |   6768 |   5 | 2708.4 |
         Crypt |   6224 |   6065 |    159 |    671 |   4493 |   3 | 2074.7 |
        Depths |  15743 |  14632 |   1111 |   5074 |   7154 |   4 | 3935.8 |
           Zot |  18164 |  17381 |    783 |   2289 |  11173 |   5 | 3632.8 |
         Sewer |   1172 |   1172 |      0 |    357 |    497 |   1 | 1172.0 |
               +--------+--------+--------+--------+--------+-----+--------+

Top non-repeatable levels by time:
   Zot:5: 8131 daAuts
  Lair:5: 6444 daAuts
Depths:2: 5046 daAuts
Depths:4: 4789 daAuts
Depths:3: 4424 daAuts
   Zot:2: 3801 daAuts
  Lair:4: 3568 daAuts
 Snake:3: 3438 daAuts
 Snake:4: 3387 daAuts
  Lair:3: 3380 daAuts
Vaults:1: 3357 daAuts
Vaults:5: 3178 daAuts
   Zot:3: 2960 daAuts
   Elf:3: 2815 daAuts
    D:14: 2720 daAuts
